 Dungeon Crawl Stone Soup version 0.28.0-43-g3370ac3207 (webtiles) character file.

Game seed: 14817518976273501581

151 adizb the Covered (level 5, -1/49 HPs)
             Began as a Deep Dwarf Fighter on Mar 4, 2022.
             Slain by an ogre
             ... wielding a +0 giant club
              (14 damage)
             ... on level 4 of the Dungeon.
             The game lasted 00:16:16 (2268 turns).

adizb the Covered (Deep Dwarf Fighter)              Turns: 2268, Time: 00:16:17

Health: -1/49      AC: 13    Str: 19    XL:     5   Next: 11%
Magic:  5/5        EV:  9    Int: 11    God:
Gold:   152        SH:  5    Dex: 12    Spells: 4/4 levels left

rFire   . . .      SeeInvis .   a - +0 war axe
rCold   . . .      Faith    .   c - +0 buckler
rNeg    . . .      Spirit   .   b - +0 scale mail
rPois   .          Reflect  .   (no helmet)
rElec   .          Harm     .   (no cloak)
rCorr   .          Rampage  .   p - +1 pair of gloves
Will    .....                   (no boots)
Stlth   ..........              s - amulet of the acrobat
HPRegen 0.00/turn               q - +4 ring of protection
MPRegen 0.09/turn               (no ring)

@: mighty
A: damage resistance, heal wounds, sense surroundings 1, no regeneration
a: Heal Wounds


You were on level 4 of the Dungeon.
You visited 1 branch of the dungeon, and saw 4 of its levels.

You collected 152 gold pieces.

Inventory:

Hand Weapons
 a - a +0 war axe (weapon)
 r - a +0 battleaxe
Armour
 b - a +0 scale mail (worn)
 c - a +0 buckler (worn)
 p - a +1 pair of gloves (worn)
Jewellery
 q - a +4 ring of protection (left hand)
 s - an amulet of the acrobat (around neck)
Scrolls
 j - 3 scrolls of magic mapping {unknown}
 l - 2 scrolls of silence {unknown}
 n - a scroll of teleportation
Potions
 d - a potion of might
 e - 2 potions of magic {unknown}
 f - 4 potions of curing
 g - a potion of cancellation {unknown}
 h - 2 potions of degeneration {unknown}
 i - 3 potions of brilliance
 k - 2 potions of heal wounds {unknown}
 m - a potion of lignification {unknown}
 o - a potion of berserk rage {unknown}


   Skills:
 + Level 3.2 Fighting
 + Level 3.0 Axes
 * Level 4.5 Armour
 * Level 4.4 Shields
 + Level 0.2 Spellcasting
 + Level 0.6 Translocations


You had 4 spell levels left.
You didn't know any spells.
Your spell library contained the following spells:

 Spells                   Type           Power      Damage    Failure   Level
 Pain                     Necr           0%         1d4       78%         1
 Gell's Gravitas          Tloc           1%         N/A       96%         3
 Lesser Beckoning         Tloc           1%         N/A       96%         3
 Teleport Other           Tloc           1%         N/A       96%         3
 Agony                    Necr           0%         N/A       100%        5
 Excruciating Wounds      Necr           0%         N/A       100%        5


Dungeon Overview and Level Annotations

Branches:
Dungeon (4/15)             Temple (0/1) D:4

Altars:
Qazlal


Innate Abilities, Weirdness & Mutations

You are resistant to damage.
You can heal yourself by infusing magical energy.
You passively map a small area around you.
You do not regenerate.


Message History

The orc priest hits you but does no damage.
You closely miss the orc priest.
The orc priest is severely wounded.
The orc priest hits you with a +0 dagger.
You hit the orc priest.
You kill the orc priest!
Your Axes skill increases to level 3!
You have reached level 5!
You hit the orc.
The orc is almost dead.
The orc hits you but does no damage.
You closely miss the orc.
The orc is almost dead.
You hit the orc but do no damage. You block the orc's attack.
The orc barely misses you. x2; The orc hits you but does no damage.
You closely miss the orc.
The orc is almost dead.
You barely miss the orc. The orc hits you but does no damage.
The orc hits you with a +0 short sword.
You slash the orc!
You kill the orc!
You slash the orc!
You kill the orc!
Items here: ))) [ †††.
Items here: ))) [ †††.
You see here a +0 short sword.
You now have 152 gold pieces (gained 6).
An ogre comes into view. It is wielding a +0 giant club.
Found a scroll of teleportation.
Found a staircase to the Ecumenical Temple.
The ogre shouts!
The ogre closely misses you.
You barely miss the ogre. The ogre hits you with a +0 giant club!
You hit the ogre.
The ogre is lightly wounded.
The ogre hits you with a +0 giant club!
* * * LOW HITPOINT WARNING * * *
You feel very mighty all of a sudden. The ogre hits you with a +0 giant club!
You die...

................... , ,
##..............#.# #..
#..............#.#... *
###....#..<..#.#.#.. ,
####....#######.#... ,
..(.............#.. ,
............ ..... ,*
############ *#.O####*.>
, ############@...#... ,
#####.........[....#...#
...##.................##
,
...##................#.#
** ,
.......................#
.......................#
.......................?,
....))##########......#.
......# #......# ,,,


You could see an ogre.

Vanquished Creatures
  An orc priest (D:4)
  2 orc wizards (D:3)
  An ufetubus (D:3)
  An adder skeleton (D:4)
  A worm (D:2)
  5 orcs
  6 ball pythons
  10 bats
  5 endoplasms
  2 giant cockroaches
  6 goblins
  4 hobgoblins
  2 jackals (D:2)
  4 kobolds
  A quokka (D:2)
  A jackal skeleton (D:4)
  5 rats
57 creatures vanquished.

Vanquished Creatures (others)
  An orc wizard (D:3)
  4 plants (D:4)
5 creatures vanquished.

Grand Total: 62 creatures vanquished

Notes
Turn   | Place    | Note
-------+----------+-------------------------------------------
     0 | D:1      | adizb the Deep Dwarf Fighter began the quest for the Orb.
     0 | D:1      | Reached XP level 1. HP: 20/20 MP: 1/1
   619 | D:1      | Reached XP level 2. HP: 25/27 MP: 2/2
   749 | D:1      | Found a faded altar of an unknown god.
  1209 | D:2      | Reached XP level 3. HP: 27/33 MP: 3/3
  1641 | D:3      | Reached XP level 4. HP: 10/42 MP: 4/4
  1731 | D:3      | Found a stormy altar of Qazlal.
  2242 | D:4      | Reached XP level 5. HP: 37/49 MP: 5/5
  2262 | D:4      | Found a staircase to the Ecumenical Temple.
  2262 | D:4      | Noticed an ogre
  2268 | D:4      | Slain by an ogre

Illustrated notes

Levels and vault maps discovered:
D:1:      minmay_arrival_nine_rooms, layout_basic,
          ebering_ecumenical_altar_hall, minmay_misc_feat_iff, chequers_garden
D:2:      layout_loops_ring, minmay_tromino_v7
D:3:      layout_rooms, mainiacjoe_overflow_alcove_1, hangedman_decor_opposing,
          minmay_misc_feat_encased
D:4:      layout_basic, minmay_temple_entry_arrows, serial_bayou_lagoon_a

Skill      XL: |  1  2  3  4 |
---------------+-------------+-----
Fighting       | 3 |  3.2
Armour         | 4 |  4.5
Shields        | 4 |  4.4
Axes           | 3 |  3.0
Spellcasting   | |  0.2
Translocations | |  0.6

Action                   |  1- 3 |  4- 6 || total
-------------------------+-------+-------++-------
Melee: War axe           |   148 |    44 ||   192
 Abil: Heal Wounds       |       |     1 ||     1
  Use: Scroll            |     3 |       ||     3
       Potion            |       |     1 ||     1
Armor: Scale mail        |   119 |    25 ||   144
Dodge: Dodged            |    90 |    18 ||   108
Block: Buckler           |    40 |     7 ||    47
